 Dungeon Crawl Stone Soup version 0.20.1-1-g8b1a95d (webtiles) character file.

1121 pskda the Covered (level 8, -4/39 HPs)
             Began as a Vine Stalker Fighter on Nov 20, 2017.
             Was a Follower of the Shining One.
             Slain by an ogre
             ... wielding a +0 giant club
              (18 damage)
             ... on level 6 of the Dungeon.
             The game lasted 00:22:27 (4515 turns).

pskda the Covered (Vine Stalker Fighter)            Turns: 4515, Time: 00:22:28

Health: -4/39      AC: 12    Str: 21    XL:     8   Next: 34%
Magic:  0/9        EV:  7    Int:  8    God:    the Shining One [*.....]
Gold:   151        SH:  9    Dex: 14    Spells: 7/7 levels left

rFire    . . .     SeeInvis .   a - +0 war axe
rCold    . . .     Gourm    .   c - +0 shield
rNeg     . . .     Faith    .   b - +0 scale mail
rPois    .         Spirit   +   (no helmet)
rElec    .         Reflect  .   (no cloak)
rCorr    +         Harm     .   (no gloves)
MR       +....                  t - +0 pair of boots
Stlth    ..........             (no amulet)
Regen    0.6/turn               k - ring of resist corrosion
MPRegen  0.2/turn               r - +4 ring of protection

@: glowing
A: fangs 3, regeneration 1, magic shield, antimagic bite, no potion heal 3, rot
immunity
a: Renounce Religion


You were on level 6 of the Dungeon.
You worshipped the Shining One.
The Shining One was aware of your devotion.
You were not hungry.

You visited 2 branches of the dungeon, and saw 7 of its levels.

You collected 151 gold pieces.

Inventory:

Hand Weapons
 a - a +0 war axe (weapon)
Armour
 b - a +0 scale mail (worn)
 c - a +0 shield (worn)
 t - a +0 pair of boots (worn)
Jewellery
 k - a ring of resist corrosion (left hand)
 r - a +4 ring of protection (right hand)
Wands
 y - a wand of lightning (8/15)
Scrolls
 g - 3 scrolls of identify
 j - 3 scrolls of fog {unknown}
 l - 5 scrolls of remove curse
 p - 3 scrolls of recharging {unknown}
 s - a scroll of amnesia {unknown}
 u - a scroll of magic mapping {unknown}
 w - 3 scrolls of teleportation {unknown}
 x - a scroll of immolation
 B - a scroll of noise {unknown}
Potions
 d - a potion of might
 e - 6 potions of curing
 h - 4 potions of flight {unknown}
 i - a potion of mutation {unknown}
 m - a potion of lignification {unknown}
 q - 3 potions of heal wounds {unknown}
 z - a potion of brilliance {unknown}
 A - a potion of agility {unknown}
Books
 n - a book of Misfortune

   Spells                             Type                      Level
   a - Confusing Touch                Hexes                        1
   b - Confuse                        Hexes                        3
   c - Gell's Gravitas                Translocation                3
   d - Petrify                        Transmutation/Earth          4
   e - Metabolic Englaciation         Hexes/Ice                    5
   f - Yara's Violent Unravelling     Hexes/Transmutation          5
Comestibles
 f - 5 bread rations
 o - 3 meat rations
 v - 2 royal jellies


   Skills:
 - Level 2.6 Fighting
 + Level 6.2 Axes
 + Level 6.3 Armour
 - Level 2.6 Shields


You had 7 spell levels left.
You didn't know any spells.

Dungeon Overview and Level Annotations

Branches:
Dungeon (6/15)             Temple (1/1) D:4

Altars:
Elyvilon
Fedhas
Gozag
Kikubaaqudgha
Makhleb
Nemelex Xobeh
Okawaru
Qazlal
Sif Muna
Trog
Vehumet
Xom
Yredelemnul
The Shining One

Shops:
D:4 *


Innate Abilities, Weirdness & Mutations

You have razor-sharp teeth.
Your natural rate of healing is unusually fast.
When hurt, damage is shared between your health and your magic reserves.
Your bite disrupts and absorbs the magic of your enemies.
Potions cannot restore your health.
You are immune to rotting.


Message History

There is a stone staircase leading down here.
You climb downwards.
There is a stone staircase leading up here. 2 orc wizards and an ogre come into view.
An orc wizard is wielding a dagger of draining.
The ogre shouts!
The orc wizard shouts! x2
The orc wizard mumbles some strange words.
The orc wizard blinks!
Found a fizzy ruby potion.
The orc wizard gestures wildly while chanting.
The orc wizard blinks!
An orc priest comes into view. It is wielding a flail.
You hit the ogre but do no damage. You bite the ogre. You drain its power.
The ogre is lightly wounded.
The orc priest invokes the aid of Beogh against you.
Beogh smites you! The ogre hits you with a giant club!
You slash the ogre! Your bite misses the ogre.
The ogre is moderately wounded.
The ogre hits you with a giant club!!
You die...

### ..# . #.#
# .. #.#.# .!.
##O#. ....
+...
....o##.######
#...o..ooO@.#
#.####.####.#
#.# #.# #.#
#.# #.# #.#
#.# #.# #.#
#.# #.# #.#
#.#


You could see an ogre, an orc priest and 3 orc wizards.

Vanquished Creatures
  Menkaure (D:5)
  2 ogres
  2 phantoms
  2 scorpions (D:4)
  A howler monkey (D:5)
  A hound (D:4)
  3 orc wizards
  3 orc priests
  Jessica (D:3)
  A bullfrog skeleton (D:4)
  2 iguanas (D:4)
  3 worker ants
  3 adders
  An ooze (D:5)
  An adder skeleton (D:4)
  2 worms
  A dart slug (D:2)
  3 leopard geckos
  7 orcs
  A ball python (D:3)
  7 giant cockroaches
  9 goblins
  10 hobgoblins
  2 jackals (D:1)
  9 kobolds
  2 quokkas (D:2)
  8 bats
  10 frilled lizards
  10 rats
108 creatures vanquished.

Notes
Turn   | Place    | Note
-------+----------+-------------------------------------------
     0 | D:1      | pskda the Vine Stalker Fighter began the quest for the Orb.
     0 | D:1      | Reached XP level 1. HP: 11/11 MP: 2/2
    98 | D:1      | Reached XP level 2. HP: 4/16 MP: 3/3
   704 | D:1      | Reached XP level 3. HP: 17/19 MP: 4/4
  1613 | D:2      | Gained mutation: Your natural rate of healing is unusually fast. [Vine Stalker growth]
  1613 | D:2      | Reached XP level 4. HP: 18/23 MP: 5/5
  1870 | D:2      | Found a basalt altar of Yredelemnul.
  2046 | D:3      | Noticed a phantom
  2141 | D:3      | Killed a phantom
  2141 | D:3      | Reached XP level 5. HP: 15/27 MP: 2/6
  2409 | D:3      | Noticed Jessica
  2432 | D:3      | Killed Jessica
  2433 | D:3      | Found a deep blue altar of Sif Muna.
  2492 | D:3      | Noticed an ogre
  2547 | D:3      | HP: 1/27 [ogre/giant club (19)]
  2602 | D:3      | Killed an ogre
  2602 | D:3      | Reached XP level 6. HP: 16/32 MP: 7/7
  3147 | D:4      | Found a staircase to the Ecumenical Temple.
  3156 | Temple   | Entered the Ecumenical Temple
  3276 | Temple   | Became a worshipper of the Shining One
  3354 | D:4      | Noticed a phantom
  3381 | D:4      | Killed a phantom
  3381 | D:4      | Reached XP level 7. HP: 30/35 MP: 8/8
  3444 | D:4      | Reached skill level 5 in Armour
  3508 | D:4      | Found Odaid's General Store.
  3522 | D:4      | Reached skill level 5 in Axes
  3740 | D:5      | Entered Level 5 of the Dungeon
  3911 | D:5      | Reached * piety under the Shining One
  4069 | D:5      | Gained mutation: You have razor-sharp teeth. [Vine Stalker growth]
  4069 | D:5      | Reached XP level 8. HP: 25/39 MP: 9/9
  4149 | D:5      | Noticed Menkaure
  4155 | D:5      | Killed Menkaure
  4515 | D:6      | Slain by an ogre

Skill      XL: |  1  2  3  4  5  6  7  8 |
---------------+-------------------------+-----
Axes           | 2 3 4 5 6 |  6.2
Armour         | 3 4 5 6 |  6.3
Fighting       | |  2.6
Shields        | |  2.6

Action                   |  1- 3 |  4- 6 |  7- 9 || total
-------------------------+-------+-------+-------++-------
Melee: War axe           |    99 |   133 |    99 ||   331
       Bite              |    22 |    38 |    31 ||    91
  Use: Scroll            |     2 |     4 |       ||     6
  Eat: Bread ration      |     1 |     1 |       ||     2
       Chunk             |       |     2 |       ||     2
       Fruit             |       |     1 |       ||     1
Armor: Scale mail        |    52 |    43 |    47 ||   142
Dodge: Dodged            |    31 |    50 |    26 ||   107
Block: Shield            |    69 |    59 |    47 ||   175
